 Dungeon Crawl Stone Soup version 0.29-a0-106-g0a07039d5a (webtiles) character file.

Game seed: 9509123245043863900

232150 hellse the Brawler (level 19, -1/109 HPs)
             Began as a Vine Stalker Fighter on Feb 16, 2022.
             Was the Champion of Okawaru.
             Slain by a merfolk impaler (4 damage)
             ... on level 4 of the Shoals.
             The game lasted 01:02:36 (30457 turns).

hellse the Brawler (Vine Stalker Fighter)          Turns: 30457, Time: 01:02:37

Health: -1/109     AC: 36    Str: 26    XL:     19   Next: 53%
Magic:  0/36       EV:  3    Int: 11    God:    Okawaru [******]
Gold:   1475       SH: 29    Dex: 16    Spells: 18/18 levels left

rFire   + + +      SeeInvis .     - Unarmed
rCold   . . .      Faith    .   T - +18 shield of the Gong {rElec rN+ Will+ EV-5}
rNeg    + . .      Spirit   +   B - +7 crystal plate armour "Sichumik" {rF++ Regen+ Dex-2}
rPois   +          Reflect  .   a - +0 helmet "Zyase" {Contam Regen+ MP+9 Dex+6}
rElec   +          Harm     .   r - +0 cloak
rCorr   .          Rampage  .   H - +0 pair of gloves of Instinct {rF+}
Will    +++..                   g - +2 pair of boots {Fly}
Stlth   ..........              Q - amulet of regeneration
HPRegen 3.48/turn               k - ring "Jupriuwo" {rElec rPois Int+3 Dex-3 Slay+4}
MPRegen 0.25/turn               b - +4 ring of slaying

@: lethally poisoned (-1 -> -1), about to teleport, flying, mesmerised
A: fangs 3, regeneration 1, magic shield, antimagic bite, no potion heal 2
}: 1/15 runes: serpentine
a: Renounce Religion, Heroism, Finesse, Duel


You were on level 4 of the Shoals.
You worshipped Okawaru.
Okawaru was exalted by your worship.
You visited 6 branches of the dungeon, and saw 32 of its levels.
You also visited: Gauntlet and Ice Cave.

You collected 3199 gold pieces.
You spent 1724 gold pieces at shops.

Inventory:

Missiles
 v - 5 silver javelins
 E - 10 boomerangs of dispersal
 R - 28 javelins (quivered)
Armour
 a - the +0 helmet "Zyase" (worn) {Contam Regen+ MP+9 Dex+6}
   (Okawaru gifted it to you on level 13 of the Dungeon)

   Dex:       It affects your dexterity (+6).
   MP:        It affects your magic capacity (+9).
   Contam:    It causes magical contamination when unequipped.
   Regen:     It increases your rate of health regeneration.
 g - a +2 pair of boots of flying (worn)
 m - a +1 tower shield of cold resistance
 o - the quicksilver dragon scales "Kiusun" {rN+ Will+ rCorr}
   (Okawaru gifted it to you on level 2 of the Orcish Mines)

   rN:        It protects you from negative energy.
   rCorr:     It protects you from acid and corrosion.
   Will:      It increases your willpower.
 r - a +0 cloak (worn)
 B - the +7 crystal plate armour "Sichumik" (worn) {rF++ Regen+ Dex-2}
   (Okawaru gifted it to you on level 3 of the Shoals)

   Dex:       It affects your dexterity (-2).
   rF:        It greatly protects you from fire.
   Regen:     It increases your rate of health regeneration.
 G - the +2 buckler "Duit" {Regen+ Int+7}
   (Okawaru gifted it to you in an ice cave)

   Int:       It affects your intelligence (+7).
   Regen:     It increases your rate of health regeneration.
 H - the +0 pair of gloves of Instinct (worn) {rF+}
   (You found it in an ice cave)

   rF:        It protects you from fire.
 P - a +1 kite shield of fire resistance
 T - the +18 shield of the Gong (worn) {rElec rN+ Will+ EV-5}
   (You found it on level 2 of the Lair of Beasts)

   It is deafeningly noisy when blocking attacks.
   EV:        It affects your evasion (-5).
   rElec:     It insulates you from electricity.
   rN:        It protects you from negative energy.
   Will:      It increases your willpower.
 X - a +2 ring mail of cold resistance
Jewellery
 b - a +4 ring of slaying (right hand)
 i - the ring of Lady Luck {Drain +Blink Will+ MP-9 Dex+10}
   (You found it in a Gauntlet)

   [ring of willpower]

   Dex:       It affects your dexterity (+10).
   MP:        It affects your magic capacity (-9).
   +Blink:    It lets you blink.
   Drain:     It drains your maximum health when unequipped.
   Will:      It increases your willpower.
 k - the ring "Jupriuwo" (left hand) {rElec rPois Int+3 Dex-3 Slay+4}
   (You acquired it on level 4 of the Dungeon)

   [ring of slaying]

   Int:       It affects your intelligence (+3).
   Dex:       It affects your dexterity (-3).
   Slay:      It affects your accuracy & damage with ranged weapons and melee
   (+4).
   rElec:     It insulates you from electricity.
   rPois:     It protects you from poison.
 n - the ring "Zejonkyli" {rN+ MP+9}
   (You found it in a Gauntlet)

   [ring of magical power]

   rN:        It protects you from negative energy.
   MP:        It affects your magic capacity (+9).
 p - a ring of resist corrosion
 y - the ring "Saypp" {Drain rPois rF++ Will+ MP+9}
   (You found it on level 2 of the Snake Pit)

   [ring of willpower]

   rF:        It greatly protects you from fire.
   rPois:     It protects you from poison.
   MP:        It affects your magic capacity (+9).
   Drain:     It drains your maximum health when unequipped.
   Will:      It increases your willpower.
 F - the ring of the Median {rC+ Will- rCorr Dex+3 SInv}
   (You found it on level 8 of the Dungeon)

   [ring of protection from cold]

   Dex:       It affects your dexterity (+3).
   rC:        It protects you from cold.
   SInv:      It lets you see invisible.
   rCorr:     It protects you from acid and corrosion.
   Will:      It decreases your willpower.
 I - a ring of protection from cold
 Q - an amulet of regeneration (around neck)
 U - a ring of willpower
 V - a ring of fire
Wands
 q - a wand of iceblast (23)
 z - a wand of digging (7)
 J - a wand of paralysis (24)
 O - a wand of acid (6)
Scrolls
 d - 5 scrolls of enchant armour
 h - a scroll of fear
 j - 4 scrolls of fog
 s - 5 scrolls of blinking
 u - 7 scrolls of identify
 C - 2 scrolls of teleportation
 L - a scroll of silence
 M - 2 scrolls of magic mapping
 Z - 2 scrolls of holy word
Potions
 c - 3 potions of might
 e - 11 potions of curing
 f - 8 potions of mutation
 l - 5 potions of lignification
 t - 7 potions of haste
 w - a potion of resistance
 x - 2 potions of berserk rage
 A - 3 potions of flight
 D - 2 potions of invisibility
 N - a potion of magic
 S - a potion of attraction
 W - 3 potions of cancellation
 Y - 2 potions of ambrosia
Miscellaneous
 K - a condenser vane (inert)


   Skills:
 - Level 15.8 Fighting
 - Level 10.6 Throwing
 - Level 12.0 Armour
 - Level 10.3 Dodging
 - Level 9.1 Shields
 - Level 17.5 Unarmed Combat
 - Level 9.7 Invocations
 + Level 5.3 Evocations


You had 18 spell levels left.
You didn't know any spells.
Your spell library contained the following spells:

 Spells                   Type           Power      Damage    Failure   Level
 Beastly Appendage        Tmut           0%         N/A       100%        1
 Foxfire                  Conj/Fire      0%         2x1d4     100%        1
 Corpse Rot               Necr/Air       0%         N/A       100%        2
 Ensorcelled Hibernation  Hex/Ice        0%         N/A       100%        2
 Passwall                 Tmut/Erth      0%         N/A       100%        2
 Poisonous Vapours        Pois/Air       0%         N/A       100%        2
 Sublimation of Blood     Necr           0%         N/A       100%        2
 Wereblood                Tmut           0%         N/A       100%        2
 Conjure Flame            Conj/Fire      0%         6-21      100%        3
 Dazzling Flash           Conj/Hex       0%         N/A       100%        3
 Gell's Gravitas          Tloc           0%         N/A       100%        3
 Ignite Poison            Fire/Tmut/Pois 0%         N/A       100%        3
 Inner Flame              Hex/Fire       0%         N/A       100%        3
 Lesser Beckoning         Tloc           0%         N/A       100%        3
 Ozocubu's Armour         Ice            0%         N/A       100%        3
 Portal Projectile        Hex/Tloc       0%         N/A       100%        3
 Spider Form              Tmut/Pois      0%         N/A       100%        3
 Swiftness                Air            0%         N/A       100%        3
 Teleport Other           Tloc           0%         N/A       100%        3
 Anguish                  Hex/Necr       0%         N/A       100%        4
 Flame Wave               Conj/Fire      0%         2d4       100%        4
 Fulminant Prism          Conj/Hex       0%         3d6       100%        4
 Iskenderun's Mystic Bla  Conj/Tloc      0%         2d3       100%        4
 Leda's Liquefaction      Hex/Erth       0%         N/A       100%        4
 Petrify                  Tmut/Erth      0%         N/A       100%        4
 Sticky Flame             Conj/Fire      0%         2d3       100%        4
 Agony                    Necr           0%         N/A       100%        5
 Blade Hands              Tmut           0%         N/A       100%        5
 Borgnjor's Vile Clutch   Necr/Erth      0%         N/A       100%        5
 Irradiate                Conj/Tmut      0%         3d13      100%        5
 Lee's Rapid Deconstruct  Erth           0%         3d5*      100%        5
 Silence                  Hex/Air        0%         N/A       100%        5
 Conjure Ball Lightning   Conj/Air       0%         3x3d6     100%        6
 Dispersal                Tloc           0%         N/A       100%        6
 Dragon Form              Tmut           0%         N/A       100%        7
 Enfeeble                 Hex            0%         N/A       100%        7
 Ozocubu's Refrigeration  Ice            0%         4d5       100%        7
 Discord                  Hex            0%         N/A       100%        8
 Disjunction              Tloc           0%         N/A       100%        8
 Summon Small Mammal      Summ           Unusable   N/A       N/A         1
 Call Canine Familiar     Summ           Unusable   N/A       N/A         3
 Summon Guardian Golem    Hex/Summ       Unusable   N/A       N/A         3
 Tukima's Dance           Hex            Unusable   N/A       N/A         3
 Animate Dead             Necr           Unusable   N/A       N/A         4
 Death Channel            Necr           Unusable   N/A       N/A         6

Dungeon Overview and Level Annotations

Branches:
Dungeon (15/15)            Temple (1/1) D:7            Lair (6/6) D:11
 Shoals (4/4) Lair:4        Snake (4/4) Lair:4        Slime (0/5) Lair:6
    Orc (2/2) D:11            Elf (0/3) Orc:2        Vaults (0/5) D:14
 Depths (0/4) D:15          IceCv (visited)         Gauntlet (visited)

Altars:
Ashenzari
Cheibriados
Dithmenos
Elyvilon
Fedhas
Gozag
Hepliaklqana
Kikubaaqudgha
Makhleb
Nemelex Xobeh
Okawaru
Qazlal
Ru
Sif Muna
Trog
Uskayaw
Vehumet
Wu Jian
Xom
Yredelemnul
Zin
The Shining One
Lugonu

Shops:
D:3 (   D:14 =   Orc:1 =   Orc:2 [==:*   Shoals:3 *   Snake:3 ((((!

Portals:
Abyss: Lair:6


Innate Abilities, Weirdness & Mutations

You have razor-sharp teeth.
Your natural rate of healing is unusually fast.
When hurt, damage is shared between your health and your magic reserves.
Your bite disrupts and absorbs the magic of your enemies.
Potions cannot restore your health.


Message History

Unknown command.
Unknown command.
Unknown command.
You pummel the merfolk siren!!
You kill the merfolk siren!
Okawaru accepts your kill.
You hear a splash. x3
You feel very sick.
The pull of its song draws you forwards.
The wind drake flaps its wings at you. The air twists around and strikes you.
You block the merfolk's attack.
GONNNNG!
You block the merfolk's attack.
BONNNG!
The merfolk throws a boomerang.
The boomerang hits you!
* * * LOW HITPOINT WARNING * * *
A water nymph comes into view.
The satyr shoots a sling bullet.
The sling bullet hits you!!
* * * LOW HITPOINT WARNING * * *
You block the merfolk impaler's attack.
GONNNNG!
The merfolk avatar chants its luring song.
You hear a screech! x2
Unknown command.
As you read the scroll of fear, it crumbles to dust.
You assume a fearsome visage.
The water nymph resists with almost no effort.
The wind drake looks frightened!
The merfolk looks frightened!
The satyr looks frightened!
The merfolk impaler resists with some effort.
The merfolk avatar easily resists.
The water nymph easily resists.
The merfolk impaler easily resists.
The merfolk looks frightened! x3
You are no longer terrified.
You feel very sick. The water nymph casts a spell at you.
The water rises up and strikes you!
* * * LOW HITPOINT WARNING * * *
A water elemental comes into view.
The merfolk impaler hits you from afar with a +2 trident of protection!
You die...

.....##.≈.#..≈≈m≈m≈≈≈#
.......≈≈≈≈≈≈≈≈≈≈≈≈≈≈#
≈≈≈≈≈≈≈≈≈≈≈≈≈≈≈≈≈≈≈≈≈# .
.......≈≈≈≈≈≈≈<≈≈≈≈≈≈≈≈≈≈≈≈≈#
...≈≈≈≈≈≈≈Em≈≈≈≈≈.≈≈≈≈≈≈≈≈≈≈≈)
...≈≈≈≈≈≈ ≈≈m≈≈≈#....((≈≈≈≈≈
##.≈≈≈≈≈≈#####m≈m≈m..≈≈≈≈≈≈
#..≈≈≈≈≈##≈≈≈##mk!).≈≈≈≈≈≈≈
..≈≈≈≈≈≈#≈≈≈≈≈#≈@m†.≈)≈≈≈≈≈
..≈≈≈≈≈≈#≈≈≈≈≈#)≈)≈≈m≈≈≈≈≈≈
...≈≈≈≈≈#≈≈≈≈≈#≈≈≈≈≈≈≈≈≈≈≈≈
....≈≈≈≈##...##†≈≈†..≈≈≈≈≈≈
.....≈≈≈≈##'##≈≈≈.<..≈≈≈≈≈≈
......≈≈≈≈≈...m..†.≈.≈c≈≈≈≈
.......≈≈≈≈.......≈≈≈≈≈≈≈≈≈
.......≈≈≈≈≈.......≈≈≈≈≈≈≈.
........≈≈≈≈........≈≈≈≈..≈


You could see a merfolk avatar (mesmerising), 2 merfolk impalers, a satyr
(fleeing), a wind drake (repels missiles, fleeing, catching breath), 4 merfolk,
a water elemental and 2 water nymphs.

Vanquished Creatures
  Vashnia (Snake:4)
  Rupert (D:13)
  Jorgrun (Shoals:2)
  A tentacled monstrosity (D:13)
  Polyphemus (Shoals:2)
  Frances (Shoals:1)
  Kirke (Shoals:3)
  Ilsuiw (Shoals:3)
  6 nagarajas
  A frost giant (D:14)
  An emperor scorpion (D:15)
  2 orc warlords (Orc:1)
  Aizul (Shoals:1)
  3 reapers (IceCv)
  2 very ugly things (D:14)
  A minotaur (Gauntlet)
  A dire elephant (D:15)
  Azrael (D:14)
  2 merfolk javelineers (Shoals:4)
  4 merfolk impalers
  The ghost of Jiosameg the Thaumaturge, a journeyman DrCj of Vehumet (D:13)
  A fire dragon (D:14)
  14 naga warriors
  6 boulder beetles
  2 salamander tyrants (Snake:4)
  8 hydras
  13 anacondas
  A death knight (D:15)
  4 merfolk avatars
  A two-headed ogre (D:10)
  2 merfolk aquamancers
  A catoblepas (Shoals:2)
  6 centaur warriors
  An alligator snapping turtle (Shoals:1)
  2 satyrs
  4 tengu warriors
  Urug (Lair:6)
  16 death yaks
  5 shock serpents
  10 naga sharpshooters
  4 orc high priests (Orc:2)
  2 thrashing horrors (Lair:6)
  A fire crab (shapeshifter) (Lair:6)
  6 salamander mystics (Snake:4)
  16 sea snakes
  A deep troll (shapeshifter) (D:13)
  2 large abominations (Gauntlet)
  10 naga ritualists
  2 glowing orange brains (D:13)
  A spriggan simulacrum (IceCv)
  A bog body (IceCv)
  2 phantasmal warriors (D:15)
  2 orc knights
  An obsidian statue (IceCv)
  12 mana vipers
  24 harpies
  2 deep elf pyromancers (D:14)
  6 fauns
  3 oklob plants (Lair:6)
  19 manticores
  A wolf spider (shapeshifter) (Lair:6)
  7 cyclopes
  A wolf spider (D:15)
  5 orc sorcerers
  An ice statue (Snake:1)
  26 ugly things
  10 salamanders
  37 black mambas
  13 merfolk sirens
  6 elephants
  5 guardian serpents
  A torpor snail (Lair:5)
  4 water nymphs
  21 naga magi
  3 smoke demons (Lair:6)
  A gargoyle (D:13)
  7 cane toads
  A rime drake (Lair:5)
  Maggie (D:8)
  8 freezing wraiths
  4 ice devils (IceCv)
  A yaktaur (shapeshifter) (D:14)
  An ancient zyme (Lair:6)
  A golden dragon simulacrum (IceCv)
  12 komodo dragons
  A tengu conjurer (D:13)
  An efreet (D:13)
  2 anaconda simulacra (IceCv)
  21 merfolk
  8 trolls
  A queen bee (Gauntlet)
  4 wind drakes
  A polar bear (Lair:4)
  3 meliai (D:13)
  2 hornets
  28 blink frogs
  3 slime creatures (D:12)
  9 snapping turtles
  6 dream sheep (Shoals:3)
  The ghost of HarryHood the Cudgeller, an amateur GrFi of Makhleb (D:4)
  2 raiju (Gauntlet)
  2 spriggans (Lair:6)
  A shadow (D:12)
  2 wyverns
  7 wraiths
  3 ynoxinuls (Lair:6)
  2 dire elephant simulacra (IceCv)
  4 fire elementals (D:14)
  10 water elementals
  A human (Shoals:3)
  54 yaks
  4 hogs (Shoals:3)
  4 neqoxecs (D:13)
  5 basilisks
  3 minotaur simulacra (IceCv)
  2 steam dragons
  10 vampire mosquitoes
  2 harpy simulacra (IceCv)
  55 nagas
  Edmund (D:5)
  A swamp worm (shapeshifter) (Lair:6)
  A warg (Orc:1)
  16 water moccasins
  A hell hound (D:14)
  An ice beast (D:6)
  A sky beast (D:6)
  4 black bears
  2 alligator simulacra (IceCv)
  A boggart (shapeshifter) (D:13)
  37 orc warriors
  A necrophage (D:5)
  9 wolves (Lair:5)
  7 ogres
  9 centaurs
  A phantom (D:6)
  2 kobold brigands
  5 deep troll simulacra (IceCv)
  19 bullfrogs
  A wyvern zombie (D:6)
  2 gnoll sergeants
  5 scorpions
  A scorpion (shapeshifter) (D:13)
  A water moccasin zombie (D:5)
  A wyvern skeleton (D:6)
  A water moccasin skeleton (D:6)
  5 killer bees (Gauntlet)
  6 howler monkeys
  3 wights (D:8)
  A howler monkey (shapeshifter) (D:13)
  An electric eel (Lair:4)
  3 bullfrog zombies
  28 orc priests
  14 small abominations
  A hound (D:4)
  6 centaur zombies
  Crazy Yiuf (D:2)
  A bullfrog skeleton (D:6)
  A centaur skeleton (D:6)
  2 jellies (D:4)
  An iguana (D:4)
  Jessica (D:2)
  Ijyb (D:3)
  Terence (D:2)
  33 orc wizards
  4 hell rats (Lair:6)
  A lightning spire (Gauntlet)
  3 killer bee zombies (D:6)
  A hound skeleton (D:4)
  A howler monkey zombie (D:6)
  A howler monkey skeleton (D:7)
  6 adders
  12 gnolls
  3 ufetubi
  3 worms
  3 dart slugs (D:2)
  108 orcs
  5 ball pythons
  4 bats (D:1)
  6 endoplasms
  A giant cockroach (D:1)
  7 goblins
  7 hobgoblins
  3 jackals (D:2)
  2 quokkas
  6 frilled lizards
  21 kobolds
  3 rats
  A butterfly (D:10)
1144 creatures vanquished.

Vanquished Creatures (others)
  Josephine (D:13)
  A hydra (D:14)
  A guardian serpent (Snake:4)
  A wraith (D:13)
  An orc wizard (Orc:2)
  2 orcs
  39 fungi
  122 plants
  4 withered plants (D:6)
172 creatures vanquished.

Grand Total: 1316 creatures vanquished

Notes
Turn   | Place    | Note
-------+----------+-------------------------------------------
     0 | D:1      | hellse the Vine Stalker Fighter began the quest for the
                  | Orb.
     0 | D:1      | Reached XP level 1. HP: 11/11 MP: 2/2
   313 | D:1      | Found a faded altar of an unknown god.
   319 | D:1      | Reached XP level 2. HP: 16/16 MP: 3/3
   507 | D:1      | Reached skill level 3 in Unarmed Combat
   708 | D:1      | Reached XP level 3. HP: 16/19 MP: 2/4
  1265 | D:2      | Noticed Terence
  1280 | D:2      | Killed Terence
  1281 | D:2      | Reached skill level 4 in Unarmed Combat
  1281 | D:2      | Gained mutation: Your natural rate of healing is unusually
                  | fast. [Vine Stalker growth]
  1281 | D:2      | Reached XP level 4. HP: 6/23 MP: 1/5
  1382 | D:2      | Noticed Jessica
  1388 | D:2      | Killed Jessica
  1656 | D:2      | Noticed a scorpion
  1672 | D:2      | Killed a scorpion
  1673 | D:2      | Reached skill level 5 in Unarmed Combat
  1673 | D:2      | Reached XP level 5. HP: 27/27 MP: 6/6
  1912 | D:2      | Found a runed translucent door.
  1913 | D:2      | Noticed Crazy Yiuf
  2310 | D:3      | Reached XP level 6. HP: 32/32 MP: 7/7
  2318 | D:3      | Noticed Ijyb
  2333 | D:3      | Killed Ijyb
  2498 | D:4      | Noticed a black bear
  2508 | D:4      | Killed a black bear
  2565 | D:4      | Reached skill level 6 in Unarmed Combat
  2621 | D:4      | Reached XP level 7. HP: 36/36 MP: 8/8
  2695 | D:4      | Identified a scroll of acquirement
  2696 | D:4      | Acquired the ring "Jupriuwo" {rElec rPois Int+3 Dex-3
                  | Slay+4}
  2800 | D:4      | Found a shadowy altar of Dithmenos.
  2817 | D:4      | Found a runed translucent gate.
  2817 | D:4      | Found a runed translucent gate.
  2818 | D:4      | Found a runed translucent gate.
  2820 | D:4      | Noticed HarryHood's ghost (amateur GrFi)
  2904 | D:4      | Found a stormy altar of Qazlal.
  3077 | D:5      | Entered Level 5 of the Dungeon
  3077 | D:5      | Noticed Edmund
  3094 | D:5      | Killed Edmund
  3101 | D:5      | Reached skill level 5 in Fighting
  3205 | D:5      | Found a glowing golden altar of the Shining One.
  3216 | D:5      | Gained mutation: You have razor-sharp teeth. [Vine Stalker
                  | growth]
  3216 | D:5      | Reached XP level 8. HP: 44/44 MP: 9/9
  3460 | D:5      | Found a snail-covered altar of Cheibriados.
  3754 | D:6      | Reached skill level 7 in Unarmed Combat
  3848 | D:6      | Reached XP level 9. HP: 44/48 MP: 8/10
  3985 | D:6      | Found an ancient bone altar of Kikubaaqudgha.
  4607 | D:7      | Found a staircase to the Ecumenical Temple.
  4616 | Temple   | Entered the Ecumenical Temple
  5038 | D:7      | Noticed a troll
  5052 | D:7      | Killed a troll
  5618 | D:3      | Found Sekahux's Weapon Shop.
  6156 | D:2      | Killed Crazy Yiuf
  6551 | D:8      | Noticed Maggie
  6561 | D:8      | Killed Maggie
  6562 | D:8      | Reached XP level 10. HP: 46/59 MP: 6/11
  6607 | D:8      | Identified the ring of the Median {rC+ Will- rCorr Dex+3
                  | SInv}
  6679 | D:8      | Found an iron altar of Okawaru.
  6761 | D:8      | Became a worshipper of Warmaster Okawaru
  6782 | D:8      | Reached skill level 5 in Armour
  7628 | D:4      | Killed HarryHood's ghost
  7818 | D:8      | Reached * piety under Okawaru
  7913 | D:9      | Reached skill level 8 in Unarmed Combat
  8266 | D:9      | Reached ** piety under Okawaru
  8267 | D:9      | Reached skill level 9 in Unarmed Combat
  8599 | D:9      | Reached skill level 10 in Unarmed Combat
  8731 | D:9      | Reached XP level 11. HP: 63/63 MP: 12/12
  8748 | D:9      | Reached *** piety under Okawaru
  8749 | D:9      | Reached skill level 11 in Unarmed Combat
  9059 | D:10     | Entered Level 10 of the Dungeon
  9153 | D:10     | Reached skill level 1 in Invocations
  9358 | D:10     | Found a shimmering altar of Xom.
  9621 | D:11     | Noticed a two-headed ogre
  9625 | D:11     | Noticed a cyclops
  9634 | D:10     | Killed a two-headed ogre
  9634 | D:10     | Reached **** piety under Okawaru
  9635 | D:10     | Reached skill level 5 in Invocations
  9675 | D:11     | Killed a cyclops
  9689 | D:11     | Found a staircase to the Orcish Mines.
  9788 | D:11     | Reached skill level 10 in Fighting
  9813 | D:11     | Found a staircase to the Lair.
  9927 | D:11     | Noticed a four-headed hydra
  9937 | D:11     | Killed a four-headed hydra
  9987 | D:11     | Reached ***** piety under Okawaru
 10212 | D:11     | Noticed a boulder beetle
 10232 | D:11     | Killed a boulder beetle
 10529 | D:12     | Noticed a cyclops
 10529 | D:12     | Noticed a boulder beetle
 10564 | Lair:1   | Entered Level 1 of the Lair of Beasts
 10765 | Lair:1   | Reached XP level 12. HP: 62/68 MP: 17/17
 11686 | Lair:2   | Reached skill level 5 in Shields
 11698 | Lair:2   | Identified the +0 buckler "Oveompeo" {rElec rCorr}
 11879 | Lair:2   | Found the +18 shield of the Gong {rElec rN+ Will+ EV-5}
 11895 | Lair:2   | Reached skill level 1 in Evocations
 11912 | Lair:2   | Received a gift from Okawaru
 13092 | Lair:4   | Found a staircase to the Snake Pit.
 13119 | Lair:4   | Received a gift from Okawaru
 13141 | Lair:4   | Noticed a seven-headed hydra
 13147 | Lair:4   | Killed a seven-headed hydra
 13154 | Lair:4   | Reached XP level 13. HP: 54/72 MP: 18/18
 13435 | Lair:4   | You fall into a shaft and drop 1 floor!
 13543 | Lair:4   | Found a staircase to the Shoals.
 14479 | Lair:6   | Entered Level 6 of the Lair of Beasts
 14491 | Lair:5   | Received a gift from Okawaru
 14496 | Lair:5   | Reached skill level 12 in Unarmed Combat
 14583 | Lair:6   | Noticed Urug
 14657 | Lair:6   | Reached skill level 13 in Unarmed Combat
 14843 | Lair:5   | Received a gift from Okawaru
 14962 | Lair:5   | Reached skill level 14 in Unarmed Combat
 14969 | Lair:5   | Reached ****** piety under Okawaru
 15071 | Lair:6   | Killed Urug
 15206 | Lair:6   | Reached XP level 14. HP: 77/77 MP: 19/19
 15211 | Lair:6   | Reached skill level 15 in Unarmed Combat
 15245 | Lair:6   | Received a gift from Okawaru
 15575 | Lair:6   | Found a staircase to the Slime Pits.
 15750 | Lair:6   | Received a gift from Okawaru
 15802 | Lair:6   | Reached skill level 5 in Throwing
 15917 | Lair:6   | Identified the +5 hunting sling of Unpleasantness {speed,
                  | rElec Will+ SInv}
 16280 | Lair:6   | Found a corrupted altar of Lugonu.
 16280 | Lair:6   | Found a one-way gate to the infinite horrors of the Abyss.
 17518 | D:13     | Noticed Josephine
 17519 | D:13     | Identified the +0 helmet "Zyase" {Contam Regen+ MP+9 Dex+6}
                  | (Okawaru gifted it to you on level 13 of the Dungeon)
 17519 | D:13     | Received a gift from Okawaru
 17531 | D:13     | Killed Josephine
 17547 | D:13     | Reached skill level 5 in Dodging
 17663 | D:13     | Found a runed translucent gate.
 17663 | D:13     | Found a runed translucent gate.
 17663 | D:13     | Found a runed translucent gate.
 17724 | D:13     | Reached XP level 15. HP: 82/82 MP: 20/20
 17724 | D:13     | Noticed Rupert
 17747 | D:13     | Killed Rupert
 18494 | D:13     | Found a runed translucent gate.
 18494 | D:13     | Found a runed translucent gate.
 18495 | D:13     | Noticed a tentacled monstrosity
 18498 | D:13     | Found a runed translucent gate.
 18498 | D:13     | Noticed Jiosameg's ghost (journeyman DrCj)
 18658 | D:14     | Reached skill level 10 in Armour
 18667 | D:14     | Received a gift from Okawaru
 18911 | D:14     | Found a gate to the Vaults.
 18921 | D:14     | Noticed Azrael
 18935 | D:14     | Killed Azrael
 18997 | D:14     | Found a faded altar of an unknown god.
 19186 | D:14     | Noticed a frost giant
 19193 | D:14     | Received a gift from Okawaru
 19204 | D:14     | Killed a frost giant
 19238 | D:14     | Found Xeluonwoo's Jewellery Shoppe.
 19427 | Orc:1    | Entered Level 1 of the Orcish Mines
 19654 | Orc:2    | Entered Level 2 of the Orcish Mines
 19728 | Orc:2    | Noticed an orc warlord
 19753 | Orc:1    | Killed an orc warlord
 20122 | Orc:2    | Found a staircase to the Elven Halls.
 20280 | Orc:2    | Reached XP level 16. HP: 87/87 MP: 21/21
 20337 | Orc:1    | Found Jymal's Jewellery Boutique.
 20357 | Orc:1    | Received a gift from Okawaru
 20644 | Orc:2    | Identified the quicksilver dragon scales "Kiusun" {rN+
                  | Will+ rCorr} (Okawaru gifted it to you on level 2 of the
                  | Orcish Mines)
 20644 | Orc:2    | Received a gift from Okawaru
 20815 | Orc:2    | Found Doesiur's Antique Armour Emporium.
 20884 | Orc:2    | Found Ecijid Maohu's Jewellery Shoppe.
 20884 | Orc:2    | Found Zoladgh's General Store.
 20885 | Orc:2    | Found Dec Weri's Book Emporium.
 20889 | Orc:2    | Found Cokirphiy's Jewellery Shoppe.
 21015 | Orc:2    | Bought a +4 ring of slaying for 1014 gold pieces
 21138 | D:15     | Entered Level 15 of the Dungeon
 21149 | D:15     | Found a gate leading to a gauntlet.
 21158 | Gauntlet | Entered a Gauntlet
 21158 | Gauntlet | Found a transporter.
 21158 | Gauntlet | Found a transporter.
 21162 | Gauntlet | Found a transporter.
 21162 | Gauntlet | Found a transporter.
 21176 | Gauntlet | Found a large runed translucent door.
 21187 | Gauntlet | Found a transporter.
 21195 | Gauntlet | Found a transporter.
 21195 | Gauntlet | Found a transporter.
 21202 | Gauntlet | Found a large runed translucent door.
 21231 | Gauntlet | Found a transporter.
 21240 | Gauntlet | Found a transporter.
 21260 | Gauntlet | Found a transporter.
 21305 | Gauntlet | Found a transporter.
 21319 | Gauntlet | Found a transporter.
 21411 | Gauntlet | Found a transporter.
 21421 | Gauntlet | Found a transporter.
 21423 | Gauntlet | Found a large runed translucent door.
 21423 | Gauntlet | Found a large runed translucent door.
 21424 | Gauntlet | Found a large runed translucent door.
 21424 | Gauntlet | Found a large runed translucent door.
 21425 | Gauntlet | Found a runed translucent door.
 21425 | Gauntlet | Found a large runed translucent door.
 21425 | Gauntlet | Found a runed translucent door.
 21425 | Gauntlet | Found a large runed translucent door.
 21425 | Gauntlet | Found a large runed translucent door.
 21426 | Gauntlet | Found a large runed translucent door.
 21426 | Gauntlet | Found a large runed translucent door.
 21429 | Gauntlet | Found a large runed translucent door.
 21429 | Gauntlet | Found a large runed translucent door.
 21432 | Gauntlet | Found a large runed translucent door.
 21432 | Gauntlet | Found a large runed translucent door.
 21433 | Gauntlet | Found a runed translucent gate.
 21433 | Gauntlet | Found a runed translucent gate.
 21433 | Gauntlet | Found a runed translucent gate.
 21435 | Gauntlet | Found a transporter.
 21445 | Gauntlet | Found a large runed translucent door.
 21448 | Gauntlet | Found a transporter.
 21607 | Gauntlet | Identified the ring of Lady Luck {Drain +Blink Will+ MP-9
                  | Dex+10}
 21651 | Gauntlet | Identified the -2 hat of the Candlemaker {Str+3}
 21652 | Gauntlet | Identified the ring "Zejonkyli" {rN+ MP+9}
 21682 | Gauntlet | Found the +7 captain's cutlass {speed, disarm}
 22124 | D:15     | Found a staircase to the Depths.
 22241 | D:15     | Found an ancient bone altar of Kikubaaqudgha.
 22462 | D:13     | Killed a tentacled monstrosity
 22469 | D:13     | Killed Jiosameg's ghost
 22725 | Snake:1  | Entered Level 1 of the Snake Pit
 22793 | Snake:1  | Found a frozen archway.
 22826 | IceCv    | Entered an ice cave
 22886 | IceCv    | Identified the +2 buckler "Duit" {Regen+ Int+7} (Okawaru
                  | gifted it to you in an ice cave)
 22886 | IceCv    | Received a gift from Okawaru
 22936 | IceCv    | Reached skill level 10 in Throwing
 23400 | IceCv    | Identified the +0 pair of gloves of Instinct {rF+}
 24037 | Snake:2  | Reached XP level 17. HP: 96/96 MP: 22/22
 24342 | Snake:2  | Received a gift from Okawaru
 24360 | Snake:2  | Identified the ring "Saypp" {Drain rPois rF++ Will+ MP+9}
 24534 | Snake:2  | Reached skill level 15 in Fighting
 25235 | Snake:3  | Received a gift from Okawaru
 25300 | Snake:3  | Received a gift from Okawaru
 25389 | Snake:3  | Found Ocwuob's Weapon Shop.
 25528 | Snake:3  | Found Hajiuc's Weapon Shop.
 25609 | Snake:3  | Received a gift from Okawaru
 25655 | Snake:3  | Found Xoheokku's Weapon Shoppe.
 25715 | Snake:3  | Found Ykumo's Antique Weapon Shoppe.
 25799 | Snake:3  | Found Wuwum's Distillery.
 25810 | Snake:3  | Bought a potion of resistance for 110 gold pieces
 26015 | Snake:4  | Entered Level 4 of the Snake Pit
 26048 | Snake:3  | Reached skill level 16 in Unarmed Combat
 26146 | Snake:4  | Received a gift from Okawaru
 26290 | Snake:4  | Reached XP level 18. HP: 66/105 MP: 23/23
 26293 | Snake:4  | Reached skill level 17 in Unarmed Combat
 26355 | Snake:4  | Received a gift from Okawaru
 26442 | Snake:4  | Received a gift from Okawaru
 26543 | Snake:4  | Received a gift from Okawaru
 26551 | Snake:4  | Noticed Vashnia
 26568 | Snake:4  | Killed Vashnia
 27017 | Snake:4  | Got a serpentine rune of Zot
 27173 | Shoals:1 | Entered Level 1 of the Shoals
 27633 | Shoals:1 | Noticed Aizul
 27646 | Shoals:1 | Killed Aizul
 27646 | Shoals:1 | Identified the +0 ring mail "Hatoi" {Str+2} (Okawaru gifted
                  | it to you on level 1 of the Shoals)
 27646 | Shoals:1 | Received a gift from Okawaru
 28489 | Shoals:2 | Noticed Frances
 28523 | Shoals:1 | Killed Frances
 28560 | Shoals:2 | Noticed Polyphemus
 28572 | Shoals:2 | Killed Polyphemus
 28900 | Shoals:2 | Reached XP level 19. HP: 109/109 MP: 27/27
 29323 | Shoals:3 | Noticed Jorgrun
 29338 | Shoals:2 | Killed Jorgrun
 29403 | Shoals:4 | Entered Level 4 of the Shoals
 29412 | Shoals:3 | Noticed Ilsuiw
 29426 | Shoals:3 | Noticed Kirke
 29442 | Shoals:3 | Killed Ilsuiw
 29457 | Shoals:3 | Killed Kirke
 29471 | Shoals:3 | Reached skill level 10 in Dodging
 29481 | Shoals:3 | Identified the +7 crystal plate armour "Sichumik" {rF++
                  | Regen+ Dex-2} (Okawaru gifted it to you on level 3 of the
                  | Shoals)
 29481 | Shoals:3 | Received a gift from Okawaru
 29952 | Shoals:3 | Found Jakebask's General Store.
 29960 | Shoals:3 | Bought a condenser vane for 600 gold pieces
 30323 | Shoals:4 | Identified the +1 ring mail of the Bulwark {Regen+}
 30370 | Shoals:4 | HP: 1/109 [drowned by a water nymph (12)]
 30408 | Shoals:4 | Reached skill level 5 in Evocations
 30457 | Shoals:4 | HP: 3/109 [water nymph/the raging water (6)]
 30457 | Shoals:4 | Slain by a merfolk impaler

Illustrated notes

Levels and vault maps discovered:
D:1:      dpeg_arrival_simpleton_a, layout_loops_ring,
          chequers_ecumenical_altar_simple
D:2:      layout_basic, uniq_terence, uniq_crazy_yiuf_cottage, uniq_jessica
D:3:      layout_basic, serial_forest, infiniplex_forest_lined_corner,
          infiniplex_forest_side_room, infiniplex_forest_lined_room_2,
          infiniplex_forest_zigzag_1, infiniplex_forest_clump_diagonal,
          infiniplex_forest_lined_2, infiniplex_forest_straight_1,
          infiniplex_forest_end_1, serial_shops, shop, uniq_ijyb
D:4:      layout_basic, lemuel_doored_altar, mainiacjoe_overflow_chevrons,
          gammafunk_ghost_nasty_kobolds
D:5:      layout_basic, lemuel_crystal_altar, mainiacjoe_overflow_tiny_flanked,
          uniq_edmund
D:6:      layout_basic, mainiacjoe_overflow_concentric_impassable,
          serial_undead, serial_undead_c, serial_undead_e, serial_undead_b,
          serial_undead_e, serial_undead_a, serial_undead_b, serial_undead_c,
          serial_undead_a, chequers_garden, eino_tiny_chamber, dk_noncrumbling_3
D:7:      layout_gridville, minmay_temple_entry_stoned_glass
D:8:      layout_loops_corners, mainiacjoe_overflow_24_doors, uniq_maggie
D:9:      layout_loops_corners
D:10:     layout_long_grid, xom_butterflies
D:11:     layout_roguey, grunt_lair_entry_orc_guard_hut
D:12:     layout_cave_pods, statue_in_the_mist_lemuel
D:13:     layout_basic, ploomutoo_gammafunk_ghost_potion_laboratory,
          uniq_josephine, uniq_rupert
D:14:     evilmike_horseshoe, layout_cave_pools, serial_shops,
          nicolae_shop_behind_doors, serial_column_ruins, column_ruins_hut,
          column_ruins_temple_circle, column_ruins_open_large,
          column_ruins_open_small, column_ruins_open_tiny,
          column_ruins_corridor_corner, chequers_serial_rivers_micro_e,
          uniq_azrael
D:15:     hangedman_depths_entry_try_elsewhere_first, layout_cave_pools,
          gauntlet_entry_generic, kiku_gazebo_pond_becter, special_room
          [special_room_orc]
Temple:   regret_index_temple_waves
Lair:1:   layout_chaotic_city, lemuel_fruit_fields, grunt_megastairs_4
Lair:2:   layout_misc_corridors
Lair:3:   layout_small_grid, beast_lair_carwin_3
Lair:4:   layout_concentric_octagons, minmay_shoals_entry_hut,
          guppyfry_snake_entry_island, chequers_serial_rivers_micro_b
Lair:5:   layout_roguey
Lair:6:   hellmonk_lair_end_abyssal_woods, layout_regular_city,
          minmay_slime_entry_oklob_open, st_stairs_10, serial_bayou_shore_b,
          uniq_urug
Shoals:1: layout_shoals, nicolae_shoals_lost_giant_amphitheater, uniq_aizul
Shoals:2: layout_shoals, uniq_frances, uniq_polyphemus
Shoals:3: layout_shoals, serial_shops,
          nicolae_shop_temple_entry_statues_fountains, uniq_kirke, uniq_ilsuiw,
          uniq_jorgrun
Shoals:4: shoals_end_simple, layout_shoals, ebering_ghost_reflecting_pool,
          nicolae_shoals_seven_spires, nicolae_shoals_kraken_intersection
Snake:1:  layout_onion_interference, portal_ice_cave_entry_ice_statue_one,
          grunt_megastairs_3
Snake:2:  layout_onion_interference
Snake:3:  layout_onion, serial_shops, shop, nicolae_shop_behind_doors,
          nicolae_shop_window_shopping, shop, nicolae_shop_overgrown_old_shop,
          grunt_megastairs_1
Snake:4:  johnstein_snake_rune_scales, layout_onion_interference,
          serial_bayou_shore_a
Orc:1:    layout_caves, serial_shops, nicolae_shop_stone
Orc:2:    st_orc_mages, layout_caves, serial_shops, nicolae_shop_behind_doors

Skill      XL: |  1  2  3  4  5  6  7  8  9 10 11 12 13 14 15 16 17 18 19 |
---------------+----------------------------------------------------------+-----
Unarmed Combat | 3 4 5 6 7 10 11 14 15 16 17 | 17.5
Fighting       | 3 5 6 9 10 11 13 15 | 15.8
Dodging        | 2 5 8 10 | 10.3
Armour         | 4 6 7 12 | 12.0
Invocations    | 5 9 |  9.7
Throwing       | 4 8 10 | 10.6
Shields        | 8 9 |  9.1
Evocations     | 2 5 |  5.3

Action                   |  1- 3 |  4- 6 |  7- 9 | 10-12 | 13-15 | 16-18 | 19-21 || total
-------------------------+-------+-------+-------+-------+-------+-------+-------++-------
Melee: Unarmed           |   116 |   107 |   266 |   554 |  1075 |  1462 |   214 ||  3794
       Bite              |    18 |    31 |    87 |   225 |   449 |   651 |    93 ||  1554
Throw: Dart              |       |       |       |     5 |     6 |       |       ||    11
       Boomerang         |       |       |       |     4 |    72 |       |       ||    76
       Throwing net      |       |       |       |     1 |       |       |       ||     1
       Javelin           |       |       |       |       |       |    15 |    13 ||    28
Invok: Heroism           |       |       |       |     2 |     3 |     2 |     1 ||     8
Evoke: Wand              |       |     4 |       |       |     7 |     2 |       ||    13
       Condenser vane    |       |       |       |       |       |       |     1 ||     1
  Use: Scroll            |       |     8 |     3 |     4 |     9 |     6 |     6 ||    36
       Potion            |       |       |       |       |     2 |     2 |     1 ||     5
 Stab: Invisible         |       |       |       |       |       |     6 |       ||     6
Armor: Scale mail        |     4 |       |       |       |   222 |    40 |       ||   266
       Plate armour      |    77 |    36 |   128 |   191 |   185 |       |       ||   617
       Quicksilver drago |       |       |       |       |       |   411 |    60 ||   471
       Crystal plate arm |       |       |       |       |       |       |   103 ||   103
Dodge: Dodged            |    29 |    20 |    65 |   116 |   142 |   265 |    67 ||   704
Block: Buckler           |    30 |    17 |    54 |    77 |       |       |       ||   178
       Kite shield       |       |       |       |   154 |  1655 |  2140 |   520 ||  4469

Table legend: (Time is in decaauts)
 A = Elapsed time spent in this place.
 B = Non-inter-level travel time spent in this place.
 C = Inter-level travel time spent in this place.
 D = Time resting spent in this place.
 E = Time spent auto-exploring this place.
 F = Levels seen in this place.
 G = Mean time per level.
                   A        B        C        D        E       F      G
               +--------+--------+--------+--------+--------+-----+--------+
         Total |  30035 |  26996 |   3039 |   1063 |  19148 |  34 |  883.4 |
       Dungeon |  14020 |  12520 |   1500 |    410 |   9634 |  15 |  934.7 |
        Temple |    127 |    110 |     17 |      0 |     94 |   1 |  127.0 |
          Lair |   6325 |   5503 |    822 |    388 |   3835 |   6 | 1054.2 |
        Shoals |   3015 |   2801 |    214 |    160 |   1903 |   4 |  753.8 |
     Snake Pit |   3807 |   3429 |    378 |     28 |   2292 |   4 |  951.8 |
  Orcish Mines |   1585 |   1478 |    107 |     57 |    845 |   2 |  792.5 |
      Ice Cave |    627 |    627 |      0 |     20 |    258 |   1 |  627.0 |
      Gauntlet |    526 |    526 |      0 |      0 |    286 |   1 |  526.0 |
               +--------+--------+--------+--------+--------+-----+--------+

Top non-repeatable levels by time:
  Lair:6: 1593 daAuts
    D:13: 1238 daAuts
     D:2: 1208 daAuts
     D:1: 1159 daAuts
     D:9: 1156 daAuts
     D:7: 1139 daAuts
 Snake:2: 1125 daAuts
  Lair:5: 1116 daAuts
     D:8: 1113 daAuts
  Lair:1: 1086 daAuts
Shoals:1: 1065 daAuts
   Orc:2: 1036 daAuts
    D:11: 1017 daAuts
  Lair:4: 1002 daAuts
 Snake:3: 976 daAuts
